Unix NetHack Version 5.0.0-0 post-release - last build Jun 10 2026 00:39:30 (3ee93aec679c4c4259841fe613dc97188e26a321,branch:main).

Game began 2026-06-26 11:40:08, ended 2026-06-26 20:40:49.

Japes, lawful male human Monk

                  ----
                  |..|                       ----
                 --..|                       |..|     ----------------
         ----    |...--                      |..|     |..............-----
         |.^---  |%|..|            ---       --.----  |..-----------...^^--
         --...-- |.|-.---         --.---------|....| --....|       -----..|
         --....--|.||...|         |..........---.-.| |...|.|        -----.|
         |.......|)----.|         |....--..........---.. |.|  ---   |..||.|
         |........).| |.|         --..      ........|... ..|---.-----..-|.----
         ---.--.....--|.--         |.-            ...... ..--.....||....|....--
           ---|......-|..---     --|.|            .---   .........--....|-....|
              ---.....|-%..----  |.|.|                   ..d............|--..--
                ---...||-.....|  |...|                   ..|...........-- |..--
           ---    |...-|.<.--.|  |...                   ...|--...%.  ..| --...|
    --------.------...^|-.. |.----..                    ..-| ----.. ...| |...--
   --..................|    ....|...                    ...|    |.....-- |...|
   |...-----.|...[)....|     ......                      ..--   --....|  --..|
   --.--   -----.--..---       ...                       .q%|    |....|   ----
    ---        -------                                   .%@|    --.---
                                                         .---     ---

Japes the Initiate              St:17 Dx:14 Co:14 In:10 Wi:13 Ch:9  Lawful
Dlvl:5  $:599 HP:0(56) Pw:28(28) AC:3  Xp:7/749 T:2366 

Latest messages:
 #
 You stop.  Killer is in the way!
 Killer eats a hill orc corpse.
 A rothe suddenly appears next to you!
 A rothe suddenly appears next to you!
 A rothe suddenly appears next to you!
 A rothe suddenly appears close by!
 The rothe hits!
 The rothe bites!
 The rothe bites again!
 You hit the rothe!
 The rothe just misses!
 The rothe misses!
 The rothe bites!
 You hit the rothe!
 The rothe hits!
 The rothe bites!
 The rothe bites again!
 The rothe misses!
 The rothe misses!
 The rothe bites!
 You hit the rothe!
 The rothe hits!
 The rothe misses!
 The rothe just misses!
 The rothe hits!
 The rothe bites!
 The rothe bites again!
 The rothe misses!
 The rothe misses!
 The rothe bites!
 You feel more confident in your fighting skills.
 You kill the rothe!
 You hit the rothe!
 The rothe misses!
 The rothe misses!
 The rothe bites!
 You kill the rothe!
 You hit the rothe!
 You kill the rothe!
 The rothe hits!
 The rothe bites!
 The rothe misses!
 You hit the rothe!
 The rothe hits!
 The rothe misses!
 The rothe bites!
 You die...
 Do you want your possessions identified? [ynq] (y)
 Do you want to see your attributes? [ynq] (y)

Inventory:
 Coins    ('$')
  $ - 599 gold pieces
 Amulets  ('"')
  G - an uncursed amulet of ESP (being worn)
 Weapons  (')')
  I - 10 +0 daggers
  t - a +0 elven dagger
  a - a thoroughly rusty +0 long sword
 Armor    ('[')
  n - an uncursed +2 pair of leather gloves (being worn)
  b - an uncursed +2 robe (being worn)
 Comestibles  ('%')
  f - 6 uncursed apples
  D - an uncursed clove of garlic
  e - 4 uncursed food rations
  s - 2 uncursed fortune cookies
  B - an uncursed lembas wafer
  g - 5 uncursed oranges
  z - 2 uncursed tripe rations
 Scrolls  ('?')
  x - 2 uncursed scrolls of blank paper
  F - an uncursed scroll of enchant weapon
  v - 2 uncursed scrolls of identify
  E - an uncursed scroll of identify
 Spellbooks  ('+')
  i - a blessed spellbook of healing
  l - an uncursed spellbook of magic missile
 Potions  ('!')
  k - an uncursed potion of extra healing
  C - a cursed potion of extra healing
  d - an uncursed potion of healing
  y - an uncursed potion of see invisible
  H - a potion of holy water
 Wands    ('/')
  M - a wand of create monster (0:12)
 Tools    ('(')
  K - an uncursed lock pick
  L - a magic marker (0:84)
  w - an uncursed magic whistle
  J - an uncursed mirror
  h - an uncursed stethoscope
  A - an uncursed tin whistle
 Gems/Stones  ('*')
  O - an uncursed worthless piece of green glass
  N - an uncursed worthless piece of white glass
  p - 2 uncursed worthless pieces of yellow glass
  q - an uncursed worthless piece of yellowish brown glass

Japes the Monk's attributes:

Background:
 You were an Initiate, a level 7 male human Monk.
 You were lawful, on a mission for Shan Lai Ching
 who was opposed by Chih Sung-tzu (neutral) and Huan Ti (chaotic).
 You were right-handed.
 You were in the Gnomish Mines, on level 5.
 You entered the dungeon 2366 turns ago.
 You had 749 experience points, 531 more were needed to attain level 8.

Basics:
 You had 0 out of 56 hit points.
 You had all 28 energy points (spell power).
 Your armor class was 3.
 Your wallet contained 599 zorkmids.
 Autopickup was on for '$' plus thrown.

Final Characteristics:
 Your strength was 17 (limit:18/100).
 Your dexterity was 14 (limit:18).
 Your constitution was 14 (limit:18).
 Your intelligence was 10 (limit:18).
 Your wisdom was 13 (limit:18).
 Your charisma was 9 (limit:18).

Final Status:
 You weren't hungry.
 You were unencumbered.
 You were empty handed.
 You had basic skill with martial arts and could have enhanced that.

Final Attributes:
 You were piously aligned.
 You were sleep resistant.
 You were poison resistant.
 You saw invisible.
 You were telepathic.
 You were warned.
 You were stealthy.
 You were guarded.
 Your spell casting was enhanced by wearing a robe.
 You were fast.
 You are dead.

Miscellaneous:
 You didn't encounter any bones levels.
 Total elapsed playing time was 1 hour, 17 minutes and 5 seconds.

Major events:
 Turn
    1: Japes the lawful male human Monk entered the dungeon
  369: attained the rank of Novice (level 3)
 1335: attained the rank of Initiate (level 6)
 2039: entered the Gnomish Mines
 2366: killed by a rothe

Spells:
 Name                 Level Category     Fail Retention
 healing                1   healing        0%   81%-90%
 create monster         2   clerical      50%  76%-100%
 magic missile          2   attack        50%  76%-100%

Skills:
 Fighting Skills
   martial arts       [Basic]
 Weapon Skills
   quarterstaff       [Unskilled]
   spear              [Unskilled]
   crossbow           [Unskilled]
   shuriken           [Unskilled]
 Spellcasting Skills
   attack spells      [Unskilled]
   healing spells     [Basic]
   divination spells  [Unskilled]
   enchantment spells [Unskilled]
   clerical spells    [Unskilled]
   escape spells      [Unskilled]
   matter spells      [Unskilled]

Voluntary challenges:
 Character rerolling was not enabled.
 You followed a strict vegan diet.
 You never genocided any monsters.
 You never polymorphed an object.
 You never changed form.
 You used no wishes.
Achievements:
 You entered a shop.
 You attained the rank of Novice.
 You attained the rank of Initiate.
 You entered the Gnomish Mines.

 The Dungeons of Doom: levels 1 to 5
    Level 1:
    Level 2:
       A general store.
    Level 3:
       A general store, many altars, some sinks.
       Stairs down to The Gnomish Mines.
    Level 4:
       Some sinks.
    Level 5:
 The Gnomish Mines: levels 4 to 5
    Level 4:
    Level 5: <- You were here.
       Final resting place for
          you, killed by a rothe.


Vanquished creatures:
  a large mimic
  6 small mimics
  a gnome ruler
  a gnome mummy
  a water nymph
  a fog cloud
  2 gnome leaders
  a gnomish wizard
  a straw golem
  a paper golem
  3 giant ants
  2 dwarves
  2 homunculi
  4 hill orcs
  3 rothes
  a rabid rat
  4 orc zombies
  3 iguanas
 an acid blob
  4 hobbits
  a hobgoblin
  5 giant rats
  4 cave spiders
 10 gnomes
  a gnome zombie
  a gecko
  a jackal
  2 kobolds
  3 sewer rats
  2 grid bugs
  4 lichens
  3 kobold zombies
  3 newts
83 creatures vanquished.

No species were genocided or became extinct.

Game over:
                       ----------
                      /          \
                     /    REST    \
                    /      IN      \
                   /     PEACE      \
                  /                  \
                  |      Japes       |
                  |      599 Au      |
                  |   killed by a    |
                  |      rothe       |
                  |                  |
                  |                  |
                  |       2026       |
                 *|     *  *  *      | *
        _________)/\\_//(\/(/\)/\//\/|_)_______

Goodbye Japes the Monk...

You died in The Gnomish Mines on dungeon level 5 with 3768 points,
and 599 pieces of gold, after 2366 moves.
You were level 7 with a maximum of 56 hit points when you died.

